 Dungeon Crawl Stone Soup version 0.29-a0-559-g359e09b9d1 (webtiles) character file.

Game seed: 10518130442290176289

111602 frimble the Bludgeoner (level 17, -14/158 HPs)
             Began as a Meteoran Ice Elementalist on June 10, 2022.
             Was a High Priest of Ashenzari.
             Demolished by a spriggan defender simulacrum (21 damage)
             ... animated by a necromancer
             ... on level 1 of the Depths.
             The game lasted 00:40:46 (12728 turns).

frimble the Bludgeoner (Meteoran Ice Elementalist) Turns: 12728, Time: 00:40:47

Health: -14/158    AC: 33    Str: 18    XL:     17   Next: 70%
Magic:  5/25       EV: 13    Int: 24    God:    Ashenzari [*****.]
Gold:   817        SH: 11    Dex: 14    Spells: 12/26 levels left

rFire   . . .      SeeInvis +   j - +7 sceptre of Torment {pain, torment, Alch, Elem} (curse)
rCold   + . .      Faith    .   H - +0 buckler of Ashenzari's Affliction {Melee, Range} (curse)
rNeg    . . .      Spirit   .   d - +5 chain mail "Share My Ordeal" {rC+, Fort, Elem} (curse)
rPois   .          Reflect  +   U - +2 helmet of Ashenzari's Regret {Int+3, Elem, Evo} (curse)
rElec   .          Harm     .   (no cloak)
rCorr   .          Rampage  +   Y - +2 pair of gloves of Ashenzari's Burden {Str+3, Bglg, Comp} (curse)
Will    +++..      Clarity  +   O - +2 pair of boots of Curses and Power {rampage, Comp, Range} (curse)
Stlth   ..........              z - amulet of Panopticon {Reflect SH+5, Alch, Melee} (curse)
HPRegen 0.36/turn               P - ring "Prescient Submission" {Will+, Melee, Comp} (curse)
MPRegen 0.19/turn               f - ring "Gnostic Altruism" {EV+4, Self, Alch} (curse)

@: ice-armoured, freezing walls, very slightly contaminated, glowing
A: sense surroundings 2, otherworldly, glowing, explore regen
a: Renounce Religion, Shatter the Chains


You were on level 1 of the Depths.
You worshipped Ashenzari.
Ashenzari was extremely pleased with you.
You visited 6 branches of the dungeon, and saw 26 of its levels.
You also visited: Bailey, Gauntlet and Volcano.

You collected 2812 gold pieces.
You spent 1995 gold pieces at shops.

Inventory:

Hand Weapons
 j - the cursed +7 sceptre of Torment (weapon) {pain, torment, Alch, Elem}
   (You took it off a minotaur in a Gauntlet)

   In the hands of one skilled in necromantic magic, it inflicts extra damage on
   living creatures.
   It occasionally torments all nearby living foes when it strikes in combat.
   It has a curse which improves the following skills: Alchemy: Poison Magic and
   Transmutations.
   Elements:  Fire Magic, Ice Magic, Air Magic and Earth Magic.
 Z - the +10 dark maul {vorpal}
   (You bought it in a shop on level 2 of the Orcish Mines)

   It inflicts extra damage upon your enemies.
Missiles
 e - 7 javelins (quivered)
 u - 4 throwing nets
Armour
 d - the cursed +5 chain mail "Share My Ordeal" (worn) {rC+, Fort, Elem}
   (You took it off Terence on level 2 of the Dungeon)

   It has a curse which improves the following skills: Fortitude: Armour and
   Shields.
   Elements:  Fire Magic, Ice Magic, Air Magic and Earth Magic.
 H - the cursed +0 buckler of Ashenzari's Affliction (worn) {Melee, Range}
   (You took it off a tengu warrior on level 9 of the Dungeon)

   It has a curse which improves the following skills: Melee Combat: Short
   Blades, Long Blades, Axes, Maces & Flails, Polearms, Staves and Unarmed
   Combat.
   Ranged Combat: Slings, Bows, Crossbows and Throwing.
 K - a +2 robe of resistance
 O - the cursed +2 pair of boots of Curses and Power (worn) {rampage, Comp, Range}
   (You found it on level 11 of the Dungeon)

   It has a curse which improves the following skills: Companions: Summonings
   and Necromancy.
   Ranged Combat: Slings, Bows, Crossbows and Throwing.
 U - the cursed +2 helmet of Ashenzari's Regret (worn) {Int+3, Elem, Evo}
   (You found it in a Gauntlet)

   It has a curse which improves the following skills: Elements: Fire Magic, Ice
   Magic, Air Magic and Earth Magic.
   Evocations: Evocations.
 Y - the cursed +2 pair of gloves of Ashenzari's Burden (worn) {Str+3, Bglg, Comp}
   (You found it on level 3 of the Lair of Beasts)

   It has a curse which improves the following skills: Beguiling: Conjurations,
   Hexes and Translocations.
   Companions: Summonings and Necromancy.
Jewellery
 f - the cursed ring "Gnostic Altruism" (right hand) {EV+4, Self, Alch}
   (You found it on level 3 of the Dungeon)

   [ring of evasion]

   EV:        It affects your evasion (+4).
   It has a curse which improves the following skills: Introspection: Fighting
   and Spellcasting.
   Alchemy:   Poison Magic and Transmutations.
 z - the cursed amulet of Panopticon (around neck) {Reflect SH+5, Alch, Melee}
   (You found it on level 6 of the Dungeon)

   [amulet of reflection]

   It reflects blocked missile attacks.
   SH:        It affects your SH (+5).
   It has a curse which improves the following skills: Alchemy: Poison Magic and
   Transmutations.
   Melee Combat: Short Blades, Long Blades, Axes, Maces & Flails, Polearms,
   Staves and Unarmed Combat.
 M - a ring of resist corrosion
 P - the cursed ring "Prescient Submission" (left hand) {Will+, Melee, Comp}
   (You took it off an orc warrior on level 11 of the Dungeon)

   [ring of willpower]

   Will:      It increases your willpower.
   It has a curse which improves the following skills: Melee Combat: Short
   Blades, Long Blades, Axes, Maces & Flails, Polearms, Staves and Unarmed
   Combat.
   Companions: Summonings and Necromancy.
 V - the ring of Viloih {rPois Str+4}
   (You found it in a Gauntlet)

   [ring of poison resistance]

   Str:       It affects your strength (+4).
   rPois:     It protects you from poison.
 W - a +6 ring of strength
Wands
 m - a wand of polymorph (12)
 w - a wand of mindburst (11)
 E - a wand of paralysis (12)
 I - a wand of flame (8)
 J - a wand of digging (2)
 L - a wand of acid (23)
 Q - a wand of charming (7)
Scrolls
 a - a scroll of enchant weapon
 n - a scroll of summoning
 t - 9 scrolls of teleportation
 v - a scroll of amnesia
 y - 4 scrolls of magic mapping
 A - a scroll of fog
 B - 6 scrolls of enchant armour
 C - a scroll of torment
 D - 4 scrolls of poison
 G - 3 scrolls of blinking
 R - 4 scrolls of immolation
 S - 2 scrolls of fear
 T - a scroll of brand weapon
Potions
 b - 4 potions of magic
 c - 3 potions of mutation
 h - 2 potions of lignification
 i - 2 potions of berserk rage
 k - 3 potions of cancellation
 l - 3 potions of brilliance
 o - 9 potions of curing
 p - 3 potions of might
 q - 5 potions of heal wounds
 r - 3 potions of attraction
 s - 2 potions of flight
 x - 3 potions of haste
 F - 5 potions of ambrosia
 N - 4 potions of resistance
Miscellaneous
 g - a phantom mirror
 X - a condenser vane


   Skills:
 + Level 13.6(15.8) Fighting
 + Level 17.2(21.5) Maces & Flails
 - Level 4.5(8.7) Polearms
 - Level 11.1(14.5) Slings
 - Level 13.1(15.3) Armour
 - Level 2.8 Dodging
 - Level 1.7 Stealth
 - Level 8.0(10.3) Shields
 - Level 3.1(5.1) Spellcasting
 - Level 10.2(14.7) Necromancy
 + Level 13.9(18.4) Ice Magic
 - Level 6.9(9.2) Evocations


You had 12 spell levels left.
You knew the following spells:

 Your Spells              Type           Power      Damage    Failure   Level
a - Freeze                Ice            100%       1d11      1%          1
b - Frozen Ramparts       Ice            100%       1d12      1%          3
c - Ozocubu's Armour      Ice            76%        N/A       1%          3
d - Ozocubu's Refrigerat  Ice            38%        4d12      28%         7

Your spell library contained the following spells:

 Spells                   Type           Power      Damage    Failure   Level
 Dispel Undead            Necr           67%        3d23      1%          4
 Ensorcelled Hibernation  Hex/Ice        100%       N/A       2%          2
 Simulacrum               Ice/Necr       36%        N/A       11%         6
 Ice Form                 Ice/Tmut       51%        N/A       13%         4
 Hailstorm                Conj/Ice       50%        3d11      14%         4
 Death Channel            Necr           33%        N/A       24%         6
 Anguish                  Hex/Necr       21%        N/A       30%         4
 Corpse Rot               Necr/Pois/Air  31%        N/A       58%         4
 Blink                    Tloc           14%        N/A       65%         2
 Spider Form              Tmut/Pois      9%         N/A       83%         3
 Stone Arrow              Conj/Erth      16%        3d8       85%         3
 Lesser Beckoning         Tloc           7%         N/A       87%         3
 Airstrike                Air            4%         N/A       99%         4
 Animate Armour           Summ/Erth      18%        N/A       99%         4
 Olgreb's Toxic Radiance  Pois           9%         N/A       99%         4
 Summon Lightning Spire   Summ/Air       9%         N/A       99%         4
 Blade Hands              Tmut           4%         N/A       100%        5
 Irradiate                Conj/Tmut      4%         3d14      100%        5
 Lightning Bolt           Conj/Air       4%         1d15      100%        5
 Manifold Assault         Tloc           7%         N/A       100%        5
 Dragon Form              Tmut           4%         N/A       100%        7
 Ignition                 Fire           4%         3d4       100%        8
 Lehudib's Crystal Spear  Conj/Erth      4%         10d3      100%        8


Dungeon Overview and Level Annotations

Branches:
Dungeon (15/15)            Temple (1/1) D:5            Lair (6/6) D:11
 Shoals (0/4) Lair:4       Spider (0/4) Lair:3        Slime (0/5) Lair:5
    Orc (2/2) D:11            Elf (1/3) Orc:2        Vaults (0/5) D:13
 Depths (1/4) D:15         Bailey (visited)         Volcano (visited)
Gauntlet (visited)

Altars:
Ashenzari
Cheibriados
Dithmenos
Elyvilon
Gozag
Okawaru
Ru
Sif Muna
Wu Jian
Xom
Yredelemnul
The Shining One
Beogh
Lugonu

Shops:
D:1 (   D:5 !   D:8 (   Orc:1 (   Orc:2 :*([

Portals:
Hell: Depths:1
Abyss: Lair:6

Annotations:
Lair:5 exclusion: 2 oklob plants


Innate Abilities, Weirdness & Mutations

You passively map the area around you.
You are easily found by Zot.
You glow in the dark.
You regain HP and MP as you explore.


Message History

The necromancer binds the souls of nearby monsters.
The spriggan defender simulacrum completely resists.
The wall freezes the spriggan defender simulacrum but does no damage.
The spriggan defender simulacrum hits you but does no damage.
You hit the vampire knight.
The white ugly thing convulses!
The fire dragon convulses!
The cyan ugly thing convulses!
The hell knight convulses!
The white ugly thing convulses!
The merfolk impaler convulses!
The necromancer convulses!
The hell knight convulses!
The fire dragon convulses!
The vampire knight is heavily damaged.
The vampire knight resists.
The wall freezes the vampire knight.
The vampire knight hits you with a +0 vorpal war axe!
* * * LOW HITPOINT WARNING * * *
x2 You block the vampire knight's attack.
The white ugly thing resists.
The wall freezes the white ugly thing.
The white ugly thing closely misses you.
The hell knight utters an invocation to its god.
The hell knight seems to speed up.
The merfolk impaler hits you from afar with a +0 trident!!
* * * LOW HITPOINT WARNING * * *
The spriggan defender simulacrum completely resists.
The wall freezes the spriggan defender simulacrum but does no damage.
The spriggan defender simulacrum hits you but does no damage.
You hit the vampire knight.
The vampire knight is heavily damaged.
The vampire knight resists.
The wall freezes the vampire knight.
The vampire knight hits you but does no damage.
The vampire knight bites you but does no damage.
The hell knight utters an invocation to its god.
The hell knight blinks!
The merfolk impaler hits you but does no damage.
The white ugly thing resists.
The wall freezes the white ugly thing.
The white ugly thing closely misses you.
The spriggan defender simulacrum completely resists.
The wall freezes the spriggan defender simulacrum but does no damage.
The spriggan defender simulacrum hits you!
* * * LOW HITPOINT WARNING * * *
The spriggan defender simulacrum freezes you!!
You resist.
You die...

,, , ,, , ,
,.................... ,,,,
.$...................... ,
, ,
,,.[......................
,, , ,
.................####### ,
, ,*,..♣...♣..........#
,,* # ≈≈≈ ≈
≈≈≈≈≈≈D§..........# ###
,,,,, ,, ....pmuup......,,
, ,#.. ,, ,,
,$..?D.ZVu......, *, ##..
*** *###@####* ,, , ,#...
*,,** *##..##### * ∆#... ,
, , .+.8..##.. .. ##... ,,
, , ,, .#.....##. #..
#.... * ** *, *
*####....###...*##### *
#####.......# ### *, ** *
*#####...8...####### * * ,
...#.......#...... ≈ ≈ * ,
, ,,,..#.8...8.#......


You could see 2 fire dragons, a merfolk impaler (soul bound), a vampire knight
(fast), 3 ugly things, a hell knight (soul bound), a necromancer and a spriggan
defender simulacrum.

Vanquished Creatures
  Saint Roka (Orc:2)
  Rupert (Orc:2)
  A spriggan defender (Depths:1)
  2 stone giants (Depths:1)
  2 very ugly things
  A minotaur (Gauntlet)
  A dire elephant (D:15)
  An ettin (Depths:1)
  The ghost of Selrock the Slinger, a journeyman DsGl of Dithmenos (D:13)
  3 hydras
  A spriggan air mage (Depths:1)
  Fannar (Lair:3)
  A rakshasa (Depths:1)
  2 ogre magi
  A boulder beetle (D:13)
  11 two-headed ogres
  Erica (D:10)
  A centaur warrior (D:15)
  3 tengu warriors
  A deep troll earth mage (Depths:1)
  2 deep troll shamans (Depths:1)
  An orc high priest (Orc:2)
  7 death yaks (Lair:4)
  3 thrashing horrors (Lair:6)
  A soul eater (Gauntlet)
  2 fire crabs
  Nergalle (Orc:2)
  4 iron trolls
  5 deep trolls (Depths:1)
  A necromancer (D:13)
  A deep elf zephyrmancer (Elf:1)
  A lindwurm (Volcano)
  4 orc knights
  3 deep elf pyromancers
  An orc sorcerer (Orc:2)
  4 manticores
  22 ugly things
  A salamander (D:15)
  7 cyclopes
  A guardian serpent (shapeshifter) (D:15)
  4 black mambas
  17 elephants
  9 cane toads
  A gargoyle (D:12)
  A torpor snail (Lair:4)
  3 smoke demons
  2 rime drakes
  9 komodo dragons
  4 kobold demonologists (D:13)
  2 tengu conjurers (Depths:1)
  A freezing wraith (D:13)
  A red devil (Gauntlet)
  A queen bee (Lair:2)
  2 ancient zymes (Lair:6)
  4 trolls
  A hornet (D:8)
  2 polar bears (Lair:6)
  28 blink frogs
  Grinder (D:3)
  2 slime creatures (D:15)
  A culicivora (Lair:3)
  A large abomination (Lair:6)
  2 wraiths
  A shadow (D:11)
  13 wyverns
  A ynoxinul (Lair:6)
  63 yaks
  2 water elementals
  7 small abominations (Lair:6)
  Eustachio (D:6)
  16 fire bats
  8 basilisks
  A hog (D:11)
  2 vampire mosquitoes (D:13)
  3 steam dragons
  2 chaos spawn (Lair:6)
  Edmund (D:6)
  A hell hound (Gauntlet)
  3 acid dragons
  13 water moccasins
  A floating eye (Depths:1)
  3 sky beasts
  27 orc warriors
  3 ogres
  9 black bears
  2 ice beasts (D:7)
  12 wolves
  9 centaurs
  A phantom (D:5)
  12 kobold brigands
  4 gnoll sergeants (D:11)
  17 bullfrogs
  3 necrophages
  3 wights (D:10)
  35 killer bees
  8 howler monkeys
  9 electric eels
  A crimson imp (Gauntlet)
  A jelly (D:4)
  11 orc priests
  2 hounds (D:5)
  3 gnoll shamans
  4 iguanas
  Ijyb (D:3)
  Terence (D:2)
  10 orc wizards
  5 hell rats (Lair:6)
  5 gnolls (D:7)
  5 adders
  4 shadow imps (Gauntlet)
  A white imp (D:5)
  2 worms
  2 dart slugs
  46 orcs
  4 endoplasms
  5 giant cockroaches
  8 goblins
  9 hobgoblins
  6 jackals
  28 kobolds
  7 quokkas
  3 ball pythons
  4 bats
  2 frilled lizards (D:3)
  2 rats
  A fire vortex (Lair:2)
687 creatures vanquished.

Vanquished Creatures (others)
  A kobold brigand (D:13)
  29 fungi
  52 plants
82 creatures vanquished.

Grand Total: 769 creatures vanquished

Notes
Turn   | Place    | Note
-------+----------+-------------------------------------------
     0 | D:1      | frimble the Meteoran Ice Elementalist began the quest for
                  | the Orb.
     0 | D:1      | Reached XP level 1. HP: 14/14 MP: 5/5
   147 | D:1      | Reached XP level 2. HP: 16/20 MP: 4/6
   403 | D:1      | Found Angyt's Antique Weapon Shoppe.
   406 | D:1      | Reached XP level 3. HP: 24/26 MP: 6/8
   459 | D:2      | Learned a level 3 spell: Frozen Ramparts
   463 | D:2      | Learned a level 3 spell: Ozocubu's Armour
   646 | D:2      | Noticed Terence
   681 | D:2      | Killed Terence
   682 | D:2      | Reached skill level 5 in Ice Magic
   682 | D:2      | Reached XP level 4. HP: 11/33 MP: 1/9
   935 | D:2      | Reached skill level 1 in Armour
  1068 | D:2      | Glimpsed the power of Zot.
  1174 | D:3      | Reached skill level 1 in Polearms
  1174 | D:3      | Reached XP level 5. HP: 12/38 MP: 10/10
  1213 | D:3      | Found a faded altar of an unknown god.
  1274 | D:3      | Noticed Grinder
  1310 | D:3      | Killed Grinder
  1311 | D:3      | Reached XP level 6. HP: 18/50 MP: 11/11
  1311 | D:3      | Reached XP level 7. HP: 20/56 MP: 12/12
  1526 | D:3      | Noticed Ijyb
  1546 | D:3      | Killed Ijyb
  1646 | D:3      | Glimpsed the power of Zot.
  1672 | D:4      | Identified the +0 scale mail of Orthodoxy {+Inv}
  1754 | D:5      | Entered Level 5 of the Dungeon
  1875 | D:5      | Found Cacheng's Distillery.
  1880 | D:5      | Bought a potion of might for 52 gold pieces
  1880 | D:5      | Bought a potion of heal wounds for 65 gold pieces
  1880 | D:5      | Bought a potion of curing for 39 gold pieces
  1880 | D:5      | Bought a potion of attraction for 39 gold pieces
  1964 | D:4      | Reached XP level 8. HP: 29/63 MP: 13/13
  2222 | D:5      | Found an ornate altar of the Wu Jian Council.
  2225 | D:5      | Found a shimmering blue altar of Sif Muna.
  2228 | D:5      | Found a glowing golden altar of the Shining One.
  2231 | D:5      | Found a basalt altar of Yredelemnul.
  2309 | D:5      | Found a staircase to the Ecumenical Temple.
  2316 | Temple   | Entered the Ecumenical Temple
  2384 | Temple   | Became a worshipper of Ashenzari the Shackled
  2500 | D:6      | Noticed Edmund
  2502 | D:6      | Identified the +11 hunting sling "Qish" {flame, rCorr}
  2541 | D:6      | Reached skill level 5 in Armour
  2554 | D:6      | Reached skill level 1 in Slings
  2557 | D:6      | Identified a scroll of acquirement
  2557 | D:6      | Acquired 1172 gold pieces
  2574 | D:6      | Killed Edmund
  2656 | D:6      | Noticed Eustachio
  2660 | D:6      | Killed Eustachio
  2661 | D:6      | Gained mutation: You passively map the area around you.
                  | [Meteoran growth]
  2661 | D:6      | Reached XP level 9. HP: 73/73 MP: 14/14
  2700 | D:6      | Reached skill level 5 in Fighting
  2758 | D:6      | Found a white marble altar of Elyvilon.
  3262 | D:7      | Reached skill level 5 in Slings
  3404 | D:7      | Noticed Joseph
  3407 | D:7      | Noticed Joseph
  3407 | D:7      | Joseph changed into Joseph the basilisk
  3413 | D:7      | Killed Joseph the basilisk
  3414 | D:7      | Reached XP level 10. HP: 62/84 MP: 15/15
  3415 | D:7      | Found a shadowy altar of Dithmenos.
  3951 | D:8      | Paralysed by a hornet for 3 turns
  4122 | D:8      | Found Vuheh's Antique Weapon Shop.
  4320 | D:9      | Noticed a cyclops
  4321 | D:9      | Noticed a tengu warrior
  4325 | D:9      | Killed a cyclops
  4326 | D:9      | Reached XP level 11. HP: 95/95 MP: 13/16
  4339 | D:9      | Killed a tengu warrior
  4457 | D:9      | Reached * piety under Ashenzari
  4512 | D:9      | Found a flagged portal.
  4512 | D:9      | Noticed a cyclops
  4520 | Bailey   | Entered a bailey
  4568 | Bailey   | Reached skill level 10 in Armour
  4755 | Bailey   | Noticed an orc knight
  4760 | Bailey   | Killed an orc knight
  4785 | D:9      | Killed a cyclops
  4805 | D:9      | Reached ** piety under Ashenzari
  4976 | D:9      | Reached skill level 1 in Shields
  5026 | D:10     | Entered Level 10 of the Dungeon
  5536 | D:10     | Noticed Erica
  5554 | D:10     | Killed Erica
  5555 | D:10     | Reached XP level 12. HP: 79/108 MP: 10/19
  5839 | D:11     | Reached skill level 1 in Evocations
  5963 | D:11     | Reached *** piety under Ashenzari
  6073 | D:11     | Found a staircase to the Lair.
  6097 | D:11     | Noticed a two-headed ogre
  6105 | D:11     | Killed a two-headed ogre
  6117 | D:11     | Found a staircase to the Orcish Mines.
  6251 | D:11     | Reached skill level 10 in Ice Magic
  6256 | D:11     | Noticed a two-headed ogre
  6263 | D:11     | Killed a two-headed ogre
  6264 | D:11     | Reached skill level 5 in Shields
  6301 | D:11     | Reached skill level 10 in Slings
  6338 | D:11     | Reached **** piety under Ashenzari
  6472 | D:11     | Glimpsed the power of Zot.
  6538 | D:12     | Noticed an eight-headed hydra
  6690 | D:12     | Reached XP level 13. HP: 116/116 MP: 21/21
  6736 | D:12     | Noticed a two-headed ogre
  6741 | D:12     | Killed a two-headed ogre
  6886 | D:12     | Noticed a two-headed ogre
  6893 | D:12     | Killed a two-headed ogre
  6924 | D:12     | Killed an eight-headed hydra
  6925 | D:12     | Reached skill level 5 in Evocations
  7326 | D:9      | Noticed a green very ugly thing
  7336 | D:9      | Killed a green very ugly thing
  7342 | D:9      | Noticed an ogre mage
  7351 | D:9      | Killed an ogre mage
  7360 | D:9      | Noticed a tengu warrior
  7364 | D:9      | Killed a tengu warrior
  7486 | Lair:1   | Entered Level 1 of the Lair of Beasts
  7534 | Lair:1   | Found a gate leading to a gauntlet.
  7540 | Gauntlet | Entered a Gauntlet
  7540 | Gauntlet | Found a runed translucent door.
  7540 | Gauntlet | Found a transporter.
  7540 | Gauntlet | Found a runed translucent door.
  7540 | Gauntlet | Found a transporter.
  7544 | Gauntlet | Found a transporter.
  7545 | Gauntlet | Found a transporter.
  7548 | Gauntlet | Found a transporter.
  7548 | Gauntlet | Found a transporter.
  7629 | Gauntlet | Found a transporter.
  7633 | Gauntlet | Found a transporter.
  7633 | Gauntlet | Found a transporter.
  7634 | Gauntlet | Found a transporter.
  7675 | Gauntlet | Found a transporter.
  7675 | Gauntlet | Found a transporter.
  7675 | Gauntlet | Identified the ring of Viloih {rPois Str+4}
  7714 | Gauntlet | Noticed a minotaur
  7716 | Gauntlet | Identified the +7 rapier of the Present {vorpal, rElec
                  | rPois Will-}
  7726 | Gauntlet | HP: 3/116 [minotaur/the +7 sceptre of Torment {pain,
                  | torment} (4)]
  7726 | Gauntlet | HP: 1/116 [minotaur/the +7 sceptre of Torment {pain,
                  | torment} (2)]
  7728 | Gauntlet | Killed a minotaur
  7732 | Gauntlet | Identified the +10 quarterstaff of Rewk {antimagic, Str+2}
  7898 | Lair:1   | Reached skill level 1 in Maces & Flails
  8044 | Lair:1   | Reached skill level 2 in Maces & Flails
  8058 | Lair:1   | Reached skill level 3 in Maces & Flails
  8059 | Lair:1   | Reached XP level 14. HP: 121/124 MP: 18/22
  8188 | Lair:1   | Glimpsed the power of Zot.
  8227 | Lair:2   | Reached skill level 4 in Maces & Flails
  8295 | Lair:2   | Reached skill level 5 in Maces & Flails
  8356 | Lair:2   | Reached skill level 6 in Maces & Flails
  8405 | Lair:2   | Reached skill level 7 in Maces & Flails
  8485 | Lair:2   | Reached skill level 8 in Maces & Flails
  8597 | Lair:3   | Reached ***** piety under Ashenzari
  8632 | Lair:3   | Reached skill level 9 in Maces & Flails
  8758 | Lair:3   | Noticed Fannar
  8784 | Lair:3   | Killed Fannar
  8785 | Lair:3   | Reached skill level 10 in Maces & Flails
  8916 | Lair:4   | Reached skill level 11 in Maces & Flails
  8966 | Lair:4   | Reached skill level 1 in Necromancy
  8988 | Lair:4   | Reached skill level 12 in Maces & Flails
  9033 | Lair:4   | Found the +2 hat of the Bear Spirit {Spirit, *Rage Will++}
  9115 | Lair:5   | Reached XP level 15. HP: 130/130 MP: 23/23
  9212 | Lair:5   | Reached skill level 5 in Necromancy
  9268 | Lair:5   | Reached skill level 13 in Maces & Flails
  9318 | Lair:6   | Entered Level 6 of the Lair of Beasts
  9429 | Lair:6   | Found a dark tunnel.
  9433 | Volcano  | Entered a volcano
  9822 | Lair:6   | Reached skill level 10 in Fighting
  9862 | Lair:6   | Found a corrupted altar of Lugonu.
  9862 | Lair:6   | Found a one-way gate to the infinite horrors of the Abyss.
 10146 | Lair:6   | Reached skill level 14 in Maces & Flails
 10443 | Lair:5   | Reached skill level 10 in Necromancy
 10443 | Lair:5   | Reached XP level 16. HP: 141/141 MP: 24/24
 10553 | Lair:5   | Found a staircase to the Slime Pits.
 10669 | Lair:3   | Found a hole to the Spider Nest.
 10707 | Lair:3   | Learned a level 7 spell: Ozocubu's Refrigeration
 11146 | Orc:1    | Entered Level 1 of the Orcish Mines
 11146 | Orc:1    | Found Maqil's Firing Range.
 11189 | Orc:2    | Entered Level 2 of the Orcish Mines
 11259 | Orc:2    | Noticed Rupert
 11276 | Orc:2    | Killed Rupert
 11316 | Orc:2    | Found a staircase to the Elven Halls.
 11349 | Orc:2    | Noticed Nergalle
 11352 | Orc:2    | Noticed Saint Roka
 11372 | Orc:2    | Killed Nergalle
 11374 | Orc:2    | Killed Saint Roka
 11375 | Orc:2    | Reached skill level 15 in Maces & Flails
 11389 | Orc:2    | Found Beloshra's Book Shoppe.
 11473 | Orc:2    | Found Noip's Antique Weapon Shoppe.
 11481 | Orc:2    | Bought the +10 dark maul {vorpal} for 1800 gold pieces
 11481 | Orc:2    | Found the +10 dark maul {vorpal}
 11503 | Orc:2    | Found Forikig's General Store.
 11519 | Orc:2    | Found Weh Hade's Antique Armour Shoppe.
 11592 | Elf:1    | Entered Level 1 of the Elven Halls
 11781 | D:13     | Found a runed translucent gate.
 11781 | D:13     | Found a runed translucent gate.
 11781 | D:13     | Found a runed translucent gate.
 11784 | D:13     | Noticed Selrock's ghost (journeyman DsGl)
 11804 | D:13     | Killed Selrock's ghost
 12111 | D:13     | Found a gate to the Vaults.
 12223 | D:14     | Found a sacrificial altar of Ru.
 12228 | D:15     | Entered Level 15 of the Dungeon
 12296 | D:15     | Reached skill level 16 in Maces & Flails
 12296 | D:15     | Reached XP level 17. HP: 154/154 MP: 25/25
 12487 | D:15     | Found a staircase to the Depths.
 12514 | Depths:1 | Entered Level 1 of the Depths
 12585 | Depths:1 | Found a gateway to Hell.
 12585 | Depths:1 | Identified the +3 battleaxe of the Mashing Gods {elec,
                  | rN+++ Will- Str+7 Dex-2}
 12660 | Depths:1 | Reached skill level 17 in Maces & Flails
 12711 | Depths:1 | Paralysed by a floating eye for 4 turns
 12728 | Depths:1 | HP: 7/158 [spriggan defender simulacrum[a necromancer] (9)]
 12728 | Depths:1 | Demolished by a spriggan defender simulacrum

Illustrated notes

Levels and vault maps discovered:
D:1:      minmay_arrival_arboretum_small, layout_loops_cross, serial_shops,
          nicolae_shop_overgrown_old_shop, patterned_corridor
D:2:      kennysheep_six_static_rooms, layout_loops_ring, minmay_tripent,
          uniq_terence
D:3:      layout_rooms, nicolae_ecumenical_pavilion, uniq_ijyb, uniq_grinder
D:4:      layout_basic, nicolae_qazlal_general_emergency
D:5:      minmay_angry_zag, layout_cave_pools, grunt_temple_overflow_cloverleaf,
          minmay_temple_entry_nine_rooms, serial_shops, kennysheep_little_box
D:6:      layout_cave_pods, nicolae_elyvilon_temple_path,
          kennysheep_generic_room_8, uniq_eustachio, uniq_crazy_yiuf_cottage,
          uniq_edmund
D:7:      layout_basic, nicolae_dithmenos_through_a_glass_darkly, uniq_joseph
D:8:      layout_cave_pools, serial_bayou, serial_bayou_lake_a,
          serial_bayou_shore_b, serial_bayou_shore_b, serial_bayou_ford_a,
          serial_shops, nicolae_lakefront_shop, chequers_mini_garden,
          st_stairs_4
D:9:      minmay_sliced_demisemicircle, layout_grid_maze, enter_bailey_3,
          hex_large
D:10:     layout_basic, uniq_erica
D:11:     kennysheep_town
D:12:     layout_basic, introduction_to_nature_2
D:13:     layout_irregular_city, david_vaults_4, gammafunk_ghost_nasty_kobolds
D:14:     layout_loops_corners, nicolae_ru_awakened_eye, uniq_frances
D:15:     hangedman_depths_entry_try_elsewhere_first, layout_loops_ring,
          hangedman_abyss_or_decor_slice
Temple:   regret_index_temple_generic_petals
Lair:1:   layout_roguey, gauntlet_entry_generic, grunt_megastairs_3,
          serial_bayou_shore_a
Lair:2:   regret_index_tunnel_blossom, layout_gridlike
Lair:3:   layout_roguey, nicolae_spider_entry_tight_spaces, uniq_fannar
Lair:4:   layout_loops_ring, shoals_dummy_entry, lemuel_fruit_fields
Lair:5:   layout_roguey, minmay_slime_entry_oklob_open, beast_lair_carwin_7,
          grunt_megastairs_1
Lair:6:   hellmonk_lair_end_abyssal_woods, layout_loops_ring, enter_volcano_1
Orc:1:    layout_caves, basic_altar, ebering_ghost_rock_garden,
          nicolae_shop_firing_range
Orc:2:    grunt_orc_cross, layout_caves, basic_altar, abandoned_shop,
          uniq_rupert
Elf:1:    minmay_elf_arrival_circle, layout_onion_city, minmay_elf_demonology
Depths:1: layout_long_grid, serial_sigils_hangedman_scratch, hell_entry,
          kennysheep_generic_room_11, grunt_megastairs_4,
          kennysheep_random_hallway

Skill      XL: |  1  2  3  4  5  6  7  8  9 10 11 12 13 14 15 16 17 |
---------------+----------------------------------------------------+-----
Spellcasting   | 3 |  3.1
Ice Magic      | 5 6 7 9 10 11 12 13 | 13.9
Armour         | 2 3 4 5 7 9 11 12 13 | 13.1
Polearms       | 1 3 4 |  4.5
Fighting       | 2 3 4 6 8 9 10 12 13 | 13.6
Slings         | 2 5 7 9 10 11 | 11.1
Shields        | 2 5 8 |  8.0
Evocations     | 4 6 |  6.9
Maces & Flails | 3 12 14 16 17 | 17.2
Necromancy     | 4 10 | 10.2
Dodging        | |  2.8
Stealth        | |  1.7

Action                   |  1- 3 |  4- 6 |  7- 9 | 10-12 | 13-15 | 16-18 || total
-------------------------+-------+-------+-------+-------+-------+-------++-------
Melee: Unarmed           |    10 |       |    18 |       |       |       ||    28
       Trident           |       |   146 |   194 |       |       |       ||   340
       Punch             |       |     2 |     1 |       |       |       ||     3
       Eveningstar       |       |       |       |       |   323 |   383 ||   706
 Fire: Hunting sling     |       |       |    95 |   458 |   424 |       ||   977
Throw: Javelin           |       |     4 |       |       |       |       ||     4
 Cast: Freeze            |    38 |       |       |       |       |       ||    38
       Frozen Ramparts   |     2 |       |       |    22 |    33 |    11 ||    68
       Ozocubu's Armour  |     1 |       |       |     6 |    16 |     4 ||    27
       Ozocubu's Refrige |       |       |       |       |       |     3 ||     3
Invok: Curse Item        |       |       |     1 |     5 |     4 |     2 ||    12
       Shatter the Chain |       |       |       |       |     3 |       ||     3
Evoke: Wand              |       |       |     2 |     4 |     3 |     3 ||    12
       Condenser vane    |       |       |       |       |       |     1 ||     1
  Use: Potion            |     1 |       |     2 |     1 |     3 |       ||     7
       Scroll            |       |     8 |     2 |       |     1 |       ||    11
Armor: Robe              |    10 |       |       |       |       |       ||    10
       Chain mail        |       |    74 |   231 |   201 |   295 |   188 ||   989
       Skin              |       |       |     5 |       |       |       ||     5
Dodge: Dodged            |    31 |    67 |   221 |   260 |   248 |   125 ||   952
Block: Other             |       |       |    13 |    84 |       |       ||    97
       Reflection        |       |       |       |    17 |       |    13 ||    30
       Buckler           |       |       |       |    58 |   349 |   189 ||   596

Table legend: (Time is in decaauts)
 A = Elapsed time spent in this place.
 B = Non-inter-level travel time spent in this place.
 C = Inter-level travel time spent in this place.
 D = Time resting spent in this place.
 E = Time spent auto-exploring this place.
 F = Levels seen in this place.
 G = Mean time per level.
                   A        B        C        D        E       F      G
               +--------+--------+--------+--------+--------+-----+--------+
         Total |  13107 |  11820 |   1287 |     15 |   7250 |  29 |  452.0 |
       Dungeon |   8464 |   7511 |    953 |      0 |   4873 |  15 |  564.3 |
        Temple |     96 |     63 |     33 |      0 |     61 |   1 |   96.0 |
          Lair |   3144 |   2911 |    233 |      5 |   1746 |   6 |  524.0 |
  Orcish Mines |    460 |    400 |     60 |      0 |    208 |   2 |  230.0 |
   Elven Halls |     20 |     20 |      0 |      0 |      0 |   1 |   20.0 |
        Depths |    189 |    184 |      5 |      0 |     69 |   1 |  189.0 |
        Bailey |    325 |    325 |      0 |     10 |    166 |   1 |  325.0 |
       Volcano |    180 |    180 |      0 |      0 |    126 |   1 |  180.0 |
      Gauntlet |    226 |    226 |      0 |      0 |      1 |   1 |  226.0 |
               +--------+--------+--------+--------+--------+-----+--------+

Top non-repeatable levels by time:
    D:11: 1168 daAuts
    D:10: 790 daAuts
     D:6: 779 daAuts
  Lair:6: 751 daAuts
     D:9: 746 daAuts
  Lair:1: 742 daAuts
     D:2: 679 daAuts
     D:8: 613 daAuts
     D:5: 604 daAuts
     D:3: 587 daAuts
    D:12: 541 daAuts
  Lair:5: 531 daAuts
     D:7: 531 daAuts
    D:13: 504 daAuts
  Lair:3: 478 daAuts
